 Dungeon Crawl Stone Soup version 0.22-a0-785-g6253c82ace (webtiles) character file.

4064 SpeedGuruRKaid the Protected (level 10, 41/94 HPs)
             Began as a Deep Dwarf Fighter on July 20, 2018.
             Quit the game on level 2 of the Dungeon.
             The game lasted 00:08:16 (6244 turns).

SpeedGuruRKaid the Protected (Deep Dwarf Fighter)   Turns: 6244, Time: 00:08:16

Health: 41/94      AC:  9    Str: 26    XL:     10   Next: 5%
Magic:  3/3        EV:  8    Int:  8    God:
Gold:   504        SH: 12    Dex: 12    Spells: 9/9 levels left

rFire    . . .     SeeInvis +   E - -1 war axe (curse)
rCold    . . .     Gourm    .   c - +0 shield
rNeg     . . .     Faith    .   b - +0 scale mail
rPois    .         Spirit   .   (no helmet)
rElec    .         Reflect  .   e - scarf {cloud immunity}
rCorr    .         Harm     .   r - +0 pair of gloves
MR       +....                  (no boots)
Stlth    ..........             h - amulet of rage {+Rage}
HPRegen  0.00/turn              q - ring of see invisible {sInv}
MPRegen  0.08/turn              j - +2 ring of strength

@: non-regenerating, glowing
A: damage resistance, heal wounds, sense surroundings 2, no regeneration
a: Heal Wounds, Evoke Berserk Rage


You were on level 2 of the Dungeon.
You were not hungry.

You visited 2 branches of the dungeon, and saw 9 of its levels.

You collected 504 gold pieces.

Inventory:

Hand Weapons
 a - a +0 war axe
 E - a cursed -1 war axe (weapon)
   (You found it on level 2 of the Dungeon)
Armour
 b - a +0 scale mail (worn)
 c - a +0 shield (worn)
 e - a scarf of cloud immunity (worn)
   (You found it on level 1 of the Dungeon)
 r - a +0 pair of gloves (worn)
   (You found it on level 5 of the Dungeon)
 y - a +0 helmet
   (You took it off Robin on level 3 of the Dungeon)
Jewellery
 h - an amulet of rage (around neck) {+Rage}
   (You found it on level 5 of the Dungeon)
 j - a +2 ring of strength (right hand)
   (You found it on level 3 of the Dungeon)
 q - a ring of see invisible (left hand) {sInv}
   (You found it on level 3 of the Dungeon)
Wands
 o - a wand of paralysis (12)
   (You found it on level 6 of the Dungeon)
 s - a wand of enslavement (6)
   (You took it off Maurice on level 8 of the Dungeon)
 u - a wand of clouds (7)
   (You found it on level 8 of the Dungeon)
Scrolls
 i - 3 scrolls of identify
 k - 2 scrolls of teleportation
 l - 6 scrolls of enchant armour
 m - 6 scrolls of remove curse
 n - a scroll of magic mapping {!r}
 p - a scroll of enchant weapon
 x - 2 scrolls of random uselessness {unknown}
 B - a scroll of fear {unknown}
 F - a scroll of amnesia {unknown}
Potions
 d - 5 potions of might
 g - a potion of curing {unknown}
 t - a potion of agility {unknown}
 v - a potion of brilliance {unknown}
 w - a potion of lignification {unknown}
 A - a potion of ambrosia {unknown}
 C - a potion of invisibility {unknown}
 D - a potion of mutation {unknown}
Comestibles
 f - 8 rations
 z - a chunk of flesh


   Skills:
 + Level 7.2 Fighting
 + Level 8.2 Axes
 + Level 8.7 Armour
 + Level 8.7 Shields


You had 9 spell levels left.
You didn't know any spells.
Your spell library contained the following spells:

 Spells                   Type           Power        Failure   Level  Hunger
 Fireball                 Conj/Fire      #.........   100%        5    ######.
 Conjure Flame            Conj/Fire      #.......     99%         3    ####...
 Throw Flame              Conj/Fire      #.....       97%         2    ###....
 Sticky Flame             Conj/Fire      #.......     100%        4    #####..
 Stone Arrow              Conj/Erth      #.....       99%         3    ####...
 Flame Tongue             Conj/Fire      #....        90%         1    ##.....
 Passwall                 Tmut/Erth      #.......     97%         2    ###....
 Lee's Rapid Deconstruct  Erth           #.........   100%        5    ######.
 Sandblast                Erth           #.....       90%         1    ##.....
 Petrify                  Tmut/Erth      #.......     100%        4    #####..
 Inner Flame              Hex/Fire       #.......     99%         3    ####...


Dungeon Overview and Level Annotations

Branches:
Dungeon (8/15)             Temple (1/1) D:7            Lair (0/6) D:8

Altars:
Ashenzari
Cheibriados
Dithmenos
Elyvilon
Fedhas
Gozag
Hepliaklqana
Kikubaaqudgha
Makhleb
Nemelex Xobeh
Okawaru
Ru
Sif Muna
Trog
Uskayaw
Vehumet
Wu Jian
Xom
Zin

Shops:
D:8 *


Innate Abilities, Weirdness & Mutations

You are resistant to damage.
You can heal yourself by infusing magical energy.
You passively map the area around you.
You do not regenerate.


Message History

You slash the worm! The worm bites you but does no damage.
You barely miss the worm. You slash the kobold!
You kill the kobold!
The adder bites you.
You slash the worm!
You kill the worm!
You closely miss the adder. You block the adder's attack.
You hit the adder. The adder bites you but does no damage.
You barely miss the adder. You block the adder's attack.
The adder bites you but does no damage.
You hit the adder. You block the adder's attack.
You slice the adder!!
You kill the adder!
No target in view!
No target in view!
No target in view!
No target in view!
No target in view!
No target in view!
No target in view!
No target in view!
No target in view!
No target in view!
You see here a glowing war axe.
E - a glowing war axe Wield which item (- for none, * to show all)? (? for menu, Esc to quit)
It sticks to your hand!
E - a cursed -1 war axe (weapon)
You butcher the adder corpse.
z - 3 chunks of flesh (gained 1)
You now have 504 gold pieces (gained 13).
You open the door.
There is an open door here.
There is an open door here.
You open the door.
Found a deep blue altar of Sif Muna.
There is an open door here.
You enter the shallow water.
Moving in this stuff is going to be slow.
There is an open door here.
Found a stone staircase leading down.
As you open the door, it creaks loudly!
There is a stone staircase leading down here.
Some of the chunks of flesh in your inventory have rotted away.
F - a scroll labeled SUCKIG YCHAJY You open the door.
Found a glowing silver altar of Zin and a burning altar of Makhleb.
The balrug shouts!
The angel shouts!
There is an open door here.
There is a burning altar of Makhleb here.
The angel preaches about the sacred Law of Zin.
You open the door.
There is an open door here.
A leopard gecko comes into view.
A leopard gecko is nearby!
A leopard gecko is nearby!
A leopard gecko is nearby!
A leopard gecko is nearby!
A leopard gecko is nearby!
A leopard gecko is nearby!
A leopard gecko is nearby!
A leopard gecko is nearby!
A leopard gecko is nearby!
A leopard gecko is nearby!
A leopard gecko is nearby!
A leopard gecko is nearby!
A leopard gecko is nearby!
A leopard gecko is nearby!
There is an open door here.
The leopard gecko is too close now for your liking.
There is an open door here.
A leopard gecko is nearby!
A leopard gecko is nearby!
A leopard gecko is nearby!
A leopard gecko is nearby!
A leopard gecko is nearby!
A leopard gecko is nearby!
A leopard gecko is nearby!
A leopard gecko is nearby!
A leopard gecko is nearby!
A leopard gecko is nearby!
A leopard gecko is nearby!
A leopard gecko is nearby!
A leopard gecko is nearby!
A leopard gecko is nearby!
A leopard gecko is nearby!
A leopard gecko is nearby!
A leopard gecko is nearby!
A leopard gecko is nearby!
A leopard gecko is nearby!
A leopard gecko is nearby!
There is a burning altar of Makhleb here.
You block the leopard gecko's attack.
You barely miss the leopard gecko. The leopard gecko closely misses you.
You block the leopard gecko's attack.
You hit the leopard gecko. You block the leopard gecko's attack.
You slash the leopard gecko!
You kill the leopard gecko!
There is an open door here.
Are you sure you want to abandon this character and quit the game? (Confirm with "yes".)

........#.# #.#
*.# +#####..#.#
*.[ *.#,*
#..#'##*#.# .# *
, #.....# *..*
.#, #.....#
*#.##.# * ,
#.....# #..#.
##...## #...#*
** ##..#
###...#* ** *
#.># #.##@### *
##.####.....###*
* +
#.##2#_..._#A#
#.####.....### ,
#.###.##'### ,
#...###...#
###...#...#
###....## ######


You could see an angel and a balrug.

Vanquished Creatures
  Pikel (D:5)
  Maurice (D:8)
  A komodo dragon (D:8)
  Prince Ribbit (D:7)
  A shadow (D:8)
  2 wyverns
  2 hungry ghosts (D:7)
  Edmund (D:4)
  A black bear (D:3)
  3 slaves (D:5)
  An orc warrior (D:8)
  A phantom (D:4)
  An ogre (D:6)
  A necrophage (D:7)
  A centaur (D:7)
  A crocodile (D:7)
  2 bullfrogs
  2 scorpions
  5 killer bees (D:8)
  A howler monkey (D:4)
  3 crimson imps
  3 orc wizards (D:4)
  2 orc priests (D:4)
  A bullfrog skeleton (D:7)
  4 hounds
  A jelly (D:8)
  A centaur skeleton (D:6)
  2 iguanas
  3 worker ants
  A worker ant zombie (D:6)
  Robin (D:3)
  A howler monkey skeleton (D:5)
  7 gnolls
  10 adders
  A shadow imp (D:7)
  An adder zombie (D:7)
  3 worms
  2 dart slugs (D:1)
  8 leopard geckos
  11 orcs
  A giant cockroach (D:1)
  19 goblins
  10 hobgoblins
  11 jackals
  4 quokkas
  7 bats
  A frilled lizard (D:1)
  7 kobolds
  A leopard gecko skeleton (D:5)
  A leopard gecko zombie (D:7)
  8 rats
166 creatures vanquished.

Vanquished Creatures (others)
  A plant (D:8)
1 creature vanquished.

Grand Total: 167 creatures vanquished

Notes
Turn   | Place    | Note
-------+----------+-------------------------------------------
     0 | D:1      | SpeedGuruRKaid the Deep Dwarf Fighter began the quest for the Orb.
     0 | D:1      | Reached XP level 1. HP: 20/20 MP: 1/1
   182 | D:1      | Reached XP level 2. HP: 14/27 MP: 2/2
   266 | D:1      | Reached skill level 3 in Fighting
   517 | D:2      | Reached XP level 3. HP: 32/34 MP: 3/3
   556 | D:3      | Reached skill level 3 in Axes
   556 | D:3      | Reached skill level 4 in Armour
   556 | D:3      | Reached XP level 4. HP: 27/42 MP: 4/4
   682 | D:3      | Reached skill level 4 in Shields
   752 | D:3      | Noticed a black bear
   760 | D:3      | Killed a black bear
   760 | D:3      | Reached XP level 5. HP: 30/49 MP: 5/5
  1088 | D:4      | HP: 12/50 [orc priest/divine providence (12)]
  1093 | D:4      | HP: 12/50 [orc priest/divine providence (6)]
  1097 | D:4      | Reached XP level 6. HP: 43/57 MP: 5/5
  1155 | D:4      | Noticed Edmund
  1173 | D:4      | Killed Edmund
  1173 | D:4      | Reached skill level 4 in Fighting
  1173 | D:4      | Reached skill level 4 in Axes
  1173 | D:4      | Reached skill level 5 in Armour
  1173 | D:4      | Reached skill level 5 in Shields
  1179 | D:4      | HP: 13/57 [poisoned by Edmund]
  1183 | D:4      | HP: 5/57 [poisoned by Edmund]
  1513 | D:4      | Found a white marble altar of Elyvilon.
  1582 | D:4      | Found a shattered altar of Ashenzari.
  1776 | D:4      | Reached XP level 7. HP: 25/66 MP: 4/4
  2246 | D:5      | Entered Level 5 of the Dungeon
  2358 | D:5      | Noticed Pikel
  2358 | D:5      | Noticed a wyvern
  2368 | D:5      | HP: 15/66 [wyvern (4)]
  2370 | D:5      | HP: 3/66 [wyvern (10)]
  2374 | D:5      | Killed a wyvern
  2374 | D:5      | Reached skill level 5 in Axes
  2376 | D:5      | HP: 16/66 [slave[Pikel] (4)]
  2379 | D:5      | HP: 6/66 [Pikel/whip of flaming (5)]
  2390 | D:5      | Killed Pikel
  2390 | D:5      | Reached skill level 5 in Fighting
  2390 | D:5      | Reached skill level 6 in Armour
  2390 | D:5      | Reached skill level 6 in Shields
  2390 | D:5      | Reached XP level 8. HP: 41/74 MP: 4/4
  2708 | D:6      | Reached skill level 6 in Axes
  2921 | D:5      | Found an ornate altar of the Wu Jian Council.
  3047 | D:5      | Found a hazy altar of Hepliaklqana.
  3048 | D:5      | Found a shimmering altar of Xom.
  3049 | D:5      | Noticed a spectral ugly thing
  3362 | D:6      | HP: 16/75 [bullfrog (4)]
  3618 | D:7      | Reached skill level 7 in Armour
  3634 | D:7      | Reached skill level 7 in Shields
  3698 | D:7      | HP: 17/76 [crocodile (7)]
  3701 | D:7      | Reached skill level 6 in Fighting
  3701 | D:7      | Gained mutation: You passively map the area around you. [Deep Dwarf growth]
  3701 | D:7      | Reached XP level 9. HP: 34/82 MP: 5/5
  3746 | D:7      | Noticed Prince Ribbit
  3768 | D:7      | Killed Prince Ribbit
  3782 | D:7      | Reached skill level 7 in Axes
  3791 | D:7      | HP: 17/82 [gnoll/flail (10)]
  3930 | D:7      | Found a staircase to the Ecumenical Temple.
  4145 | D:7      | Found a radiant altar of Vehumet.
  4378 | Temple   | Entered the Ecumenical Temple
  4617 | D:8      | Found Nulan's Elemental Accessories.
  4741 | D:8      | Reached skill level 8 in Armour
  4741 | D:8      | Reached skill level 8 in Shields
  4816 | D:8      | Found a staircase to the Lair.
  4817 | D:8      | Noticed a komodo dragon
  4847 | D:8      | HP: 21/85 [komodo dragon (10)]
  4849 | D:8      | Killed a komodo dragon
  4865 | D:8      | HP: 13/85 [wyvern (6)]
  4866 | D:8      | HP: 2/85 [wyvern (11)]
  4913 | D:8      | Noticed Maurice
  5161 | D:8      | Killed Maurice
  5161 | D:8      | Reached skill level 7 in Fighting
  5161 | D:8      | Reached skill level 8 in Axes
  5253 | D:8      | Reached XP level 10. HP: 35/94 MP: 3/3
  5254 | D:8      | HP: 23/94 [poisoned by a killer bee]
  5259 | D:8      | HP: 17/94 [poisoned by a killer bee]
  5263 | D:8      | HP: 7/94 [poisoned by a killer bee]
  5265 | D:8      | HP: 3/94 [poisoned by a killer bee]
  5727 | D:3      | HP: 20/94 [kobold/short sword of venom (1)]
  5840 | D:3      | Noticed Robin
  5849 | D:3      | Killed Robin
  6185 | D:2      | Found a deep blue altar of Sif Muna.
  6217 | D:2      | Found a glowing silver altar of Zin.
  6217 | D:2      | Found a burning altar of Makhleb.
  6218 | D:2      | Noticed a balrug
  6218 | D:2      | Noticed an angel
  6244 | D:2      | Quit the game

Vault maps used:
D:1:      mainiacjoe_arrival_reflecting_pool, minmay_crystal_room,
          minmay_octomino_c4
D:2:      grunt_temple_overflow_order_and_chaos_2, led_sif_pool,
          lemuel_crystal_altar, nicolae_overflow_hidden_temple, first_ration
D:3:      kennysheep_goblin_castle
D:4:      lemuel_crystal_altar, ashenzari_altar_1, uniq_edmund
D:5:      kennysheep_big_flooded_room, regret_index_temple_of_mockery,
          marbit_many_paths, uniq_pikel
D:7:      fiery_altar_vehumet, temple_green, uniq_prince_ribbit1
D:8:      david_lair_shrubbed, nicolae_elemental_shop, uniq_maurice
Temple:   dpeg_chambers_temple

Skill      XL: |  1  2  3  4  5  6  7  8  9 |
---------------+----------------------------+-----
Fighting       | 3 4 5 6 7 |  7.2
Axes           | 3 4 5 6 8 |  8.2
Armour         | 4 5 6 7 8 |  8.7
Shields        | 4 5 6 7 8 |  8.7

Action                   |  1- 3 |  4- 6 |  7- 9 | 10-12 || total
-------------------------+-------+-------+-------+-------++-------
Melee: War axe           |    99 |   127 |   335 |    60 ||   621
 Abil: Heal Wounds       |     2 |     6 |    16 |     3 ||    27
Evoke: Wand              |       |       |     6 |       ||     6
  Use: Scroll            |       |       |     8 |       ||     8
  Eat: Chunk             |       |     2 |    23 |     3 ||    28
Armor: Scale mail        |    70 |    51 |   144 |    26 ||   291
Dodge: Dodged            |    41 |    36 |   112 |    19 ||   208
Block: Shield            |    81 |    73 |   246 |    41 ||   441

Table legend:
 A = Spawn XP
 B = Non-spawn XP
 C = Spawn XP percentage of total XP
 D = Spawn monster count
 E = Non-spawn monster count
 F = Spawn count percentage of total count
 G = Total turns spent on level
                    A         B        C        D         E        F      G
               +---------+---------+-------+---------+---------+-------+---------
         Total |       0 |    5807 |   0.0 |       0 |     163 |   0.0 |  6244
               +---------+---------+-------+---------+---------+-------+---------
           D:1 |       0 |      39 |   0.0 |       0 |      23 |   0.0 |   505
           D:2 |       0 |      43 |   0.0 |       0 |       9 |   0.0 |   154
           D:3 |       0 |     346 |   0.0 |       0 |      51 |   0.0 |   999
           D:4 |       0 |     572 |   0.0 |       0 |      13 |   0.0 |  1191
           D:5 |       0 |    1008 |   0.0 |       0 |      12 |   0.0 |   759
           D:6 |       0 |     436 |   0.0 |       0 |       9 |   0.0 |   730
           D:7 |       0 |    1433 |   0.0 |       0 |      29 |   0.0 |   732
           D:8 |       0 |    1930 |   0.0 |       0 |      17 |   0.0 |   977
               +---------+---------+-------+---------+---------+-------+---------

Vault maps used:
D:1:      mainiacjoe_arrival_reflecting_pool, minmay_crystal_room,
          minmay_octomino_c4
D:2:      grunt_temple_overflow_order_and_chaos_2, led_sif_pool,
          lemuel_crystal_altar, nicolae_overflow_hidden_temple, first_ration
D:3:      kennysheep_goblin_castle
D:4:      lemuel_crystal_altar, ashenzari_altar_1, uniq_edmund
D:5:      kennysheep_big_flooded_room, regret_index_temple_of_mockery,
          marbit_many_paths, uniq_pikel
D:7:      fiery_altar_vehumet, temple_green, uniq_prince_ribbit1
D:8:      david_lair_shrubbed, nicolae_elemental_shop, uniq_maurice
Temple:   dpeg_chambers_temple

Table legend:
 A = Turns spent in this place as a percentage of turns spent in the entire game.
 B = Non-inter-level travel turns spent in this place as a percentage of non-inter-level travel turns spent in the entire game.
 C = Inter-level travel turns spent in this place as a percentage of turns spent in this place.
 D = Turns resting spent in this place as a percentage of non-inter-level travel turns spent in this place.
 E = Turns spent auto-exploring this place as a percentage of non-inter-level travel turns spent in this place.
 F = Non-inter-level travel turns spent in this place divided by the number of levels of this place that you've seen.
                   A       B       C       D       E      F
               +-------+-------+-------+-------+-------+----------------------
         Total | 100.0 | 100.0 |   9.0 |   6.8 |  71.2 | 631.0
       Dungeon |  96.8 |  96.7 |   9.2 |   7.1 |  70.2 | 686.5
        Temple |   3.2 |   3.3 |   5.1 |   0.0 |  99.5 | 187.0
               +-------+-------+-------+-------+-------+----------------------

Table legend:
 A = Kills in this place as a percentage of kills in entire the game.
 B = Kills by you in this place as a percentage of kills by you in the entire game.
 C = Kills by friends in this place as a percentage of kills by friends in the entire game.
 D = Other kills in this place as a percentage of other kills in the entire game.
 E = Experience gained in this place as a percentage of experience gained in the entire game.
 F = Experience gained in this place divided by the number of levels of this place that you have seen.
                   A       B       C       D       E      F
               +-------+-------+-------+-------+-------+----------------------
         Total | 100.0 | 100.0 |   N/A |   N/A | 100.0 | 645.2
       Dungeon | 100.0 | 100.0 |   N/A |   N/A | 100.0 | 725.9
               +-------+-------+-------+-------+-------+----------------------
